 Dungeon Crawl Stone Soup version 0.30-a0-778-g2ef04afb54 (console) character file.

Game seed: 10509264096818210146

1754 rlgrobin the Cleaver (level 9, -1/111 HPs)
             Began as a Meteoran Fighter on Feb 16, 2023.
             Was a Believer of Trog.
             Slain by an elephant (9 damage)
             ... on level 8 of the Dungeon.
             The game lasted 00:06:01 (1073 turns).

rlgrobin the Cleaver (Meteoran Fighter)             Turns: 1073, Time: 00:06:01

Health: -1/111     AC: 12    Str: 21    XL:     9   Next: 51%
Magic:  10/10      EV:  6    Int: 12    God:    Trog [**....]
Gold:   210        SH:  5    Dex: 13    Spells: 8/8 levels left

rFire   . . .      SeeInvis .    a - +0 war axe
rCold   + . .      Faith    .    c - +0 buckler
rNeg    . . .      Spirit   .    n - +0 plate armour
rPois   +          Reflect  .    (no helmet)
rElec   .          Harm     .    (no cloak)
rCorr   .          Rampage  .    (no gloves)
Will    +....                    (no boots) Stlth
                                 (no amulet)
HPRegen 0.38/turn                f - ring of protection from cold
MPRegen 0.12/turn                b - ring of poison resistance

@: berserking (expiring), glowing, very quick
A: sense surroundings 2, otherworldly, glowing, explore regen
a: Renounce Religion, Berserk, Trog's Hand


You were on level 8 of the Dungeon.
You worshipped Trog.
Trog was pleased with you.
You visited 1 branch of the dungeon, and saw 10 of its levels.
You also visited: Sewer.

You collected 210 gold pieces.

Inventory:

Hand Weapons
 a - a +0 war axe (weapon)
 o - a +0 battleaxe
Armour
 c - a +0 buckler (worn)
 n - a +0 plate armour (worn)
Jewellery
 b - a ring of poison resistance (right hand)
 f - a ring of protection from cold (left hand)
Wands
 g - a wand of flame (7)
 i - a wand of digging (7)
Scrolls
 e - 2 scrolls of brand weapon {unknown}
 h - 2 scrolls of teleportation {unknown}
 l - a scroll of identify
 q - a scroll of blinking
Potions
 d - a potion of might
 j - 2 potions of curing
 k - a potion of berserk rage
 m - 3 potions of haste
 p - a potion of brilliance {unknown}


   Skills:
 + Level 5.1 Fighting
 - Level 12.2 Axes
 + Level 5.6 Armour
 - Level 3.6 Shields


You had 8 spell levels left.
You didn't know any spells.
Your spell library was empty.

Dungeon Overview and Level Annotations

Branches:
Dungeon (10/15) Zot: 4949   Sewer (visited)
 Temple: D:4-7         Lair: D:8-11         Orc: D:9-12

Altars:
Gozag
Trog

Shops:
D:3 !


Innate Abilities, Weirdness & Mutations

You passively map the area around you.
You are easily found by Zot.
You glow in the dark.
You regain HP and MP as you explore.


Message History

You kill the black bear!
Trog accepts your kill.
You slash the basilisk! The basilisk bites you.
* * * LOW HITPOINT WARNING * * *
The yak gores you but does no damage.
Your Fighting skill increases to level 4!
You slice the yak!!
The yak is severely wounded.
You barely miss the basilisk. You barely miss the yak.
The yak is severely wounded.
You hit the basilisk. The basilisk completely misses you. The yak gores you.
* * * LOW HITPOINT WARNING * * *
You slash the yak!
You kill the yak!
Trog accepts your kill.
You barely miss the basilisk. The basilisk bites you!
* * * LOW HITPOINT WARNING * * *
Your Armour skill increases to level 5!
You closely miss the basilisk.
The basilisk is heavily wounded.
You slash the basilisk!
The basilisk is almost dead.
The basilisk gazes at you.
You easily resist.
You closely miss the basilisk.
The basilisk is almost dead.
You hit the basilisk.
You kill the basilisk!
Trog accepts your kill.
Your Fighting skill increases to level 5!
You hit the elephant.
The elephant is lightly wounded.
The elephant barely misses you. x2
You slice the elephant!!
The elephant is moderately wounded.
You hit the elephant.
The elephant is heavily wounded.
The elephant tramples you!
You die...

*, * # .# # *
**##############.#.# ,
, .#.................
,,,
,*..........).)......
,,,, ,
,,_.........))......#*
* *,
............./....# ,
#...$.....@###.#.#* *
* #.?......†Y# ... ,
............###.#.# ,
, ####.#####>........
, #. ###.####.** , #,
.#* , ,, ,, * ,.. * *
* * ,... ** * * *, , ,
,*


You could see an elephant.

Vanquished Creatures
  A yak (D:8)
  A basilisk (D:8)
  Pargi (Sewer)
  4 orc warriors
  An ice beast (D:5)
  2 black bears
  A centaur (D:8)
  3 bullfrogs
  2 scorpions
  A hound (D:7)
  A jelly (D:6)
  2 orc priests (D:8)
  A gnoll bouda (D:7)
  An iguana (D:6)
  3 orc wizards
  2 adders (D:6)
  3 gnolls (D:7)
  A shadow imp (D:8)
  A worm (D:3)
  19 orcs
  2 ball pythons
  2 giant cockroaches
  2 goblins
  3 bats
  2 rats
62 creatures vanquished.

Vanquished Creatures (others)
  An orc wizard (D:8)
1 creature vanquished.

Grand Total: 63 creatures vanquished

Notes
Turn   | Place    | Note
-------+----------+-------------------------------------------
     0 | D:1      | rlgrobin the Meteoran Fighter began the quest for the Orb.
     0 | D:1      | Reached XP level 1. HP: 19/19 MP: 2/2
    86 | D:1      | Reached skill level 3 in Axes
    86 | D:1      | Reached XP level 2. HP: 23/26 MP: 3/3
   107 | D:2      | Found a faded altar of an unknown god.
   116 | D:2      | Prayed at the altar of an unknown god.
   116 | D:2      | Became a worshipper of Trog the Wrathful
   116 | D:2      | Reached * piety under Trog
   178 | D:3      | Found Acigui's Distillery.
   232 | D:5      | Entered Level 5 of the Dungeon
   245 | D:5      | Noticed an ice beast
   255 | D:5      | Killed an ice beast
   256 | D:5      | Reached skill level 5 in Axes
   256 | D:5      | Reached XP level 3. HP: 31/31 MP: 4/4
   256 | D:5      | Reached XP level 4. HP: 38/38 MP: 5/5
   256 | D:5      | Reached XP level 5. HP: 45/45 MP: 6/6
   295 | D:6      | Reached skill level 6 in Axes
   295 | D:6      | Reached XP level 6. HP: 50/51 MP: 7/7
   315 | D:6      | Reached skill level 7 in Axes
   419 | D:6      | Reached skill level 8 in Axes
   419 | D:6      | Reached XP level 7. HP: 45/57 MP: 8/8
   428 | D:6      | Found a glowing drain.
   437 | Sewer    | Entered a sewer
   466 | Sewer    | Noticed Pargi
   475 | Sewer    | Killed Pargi
   617 | D:7      | Reached skill level 9 in Axes
   674 | D:7      | Reached XP level 8. HP: 42/63 MP: 9/9
   680 | D:7      | Reached skill level 10 in Axes
   781 | D:8      | Reached ** piety under Trog
   792 | D:8      | Reached skill level 11 in Axes
   902 | D:10     | Entered Level 10 of the Dungeon
   940 | D:9      | Gained mutation: You passively map the area around you.
                  | [Meteoran growth]
   940 | D:9      | Reached XP level 9. HP: 59/70 MP: 10/10
   992 | D:9      | Reached skill level 12 in Axes
  1043 | D:8      | Found an opulent altar of Gozag.
  1062 | D:8      | Noticed an elephant
  1067 | D:8      | Reached skill level 5 in Armour
  1071 | D:8      | Reached skill level 5 in Fighting
  1073 | D:8      | Slain by an elephant

Illustrated notes

Levels and vault maps discovered:
D:1:      dpeg_arrival_prison, layout_basic
D:2:      layout_loops_corners, ebering_ecumenical_altar_webs, serial_shops,
          shop
D:3:      layout_loops_corners, serial_shops, nicolae_shop_crystal, shop,
          nicolae_shop_temple_entry_statues_fountains, nicolae_shop_crystal
D:4:      layout_rooms, serial_shops, shop_fountains,
          amcnicky_mini_rare_corridor_liquid, minmay_misc_feat_diagonals
D:5:      lemuel_insect_pit, layout_cave_pools, minmay_temple_entry_offerings
D:6:      layout_loops_cross, portal_sewer_entry_d
D:7:      layout_rooms, serial_shops, nicolae_shop_bloodbath_and_beyond,
          uniq_menkaure
D:8:      layout_basic, david_lair_generic, hangedman_feature_mirror
D:9:      layout_layer_cave, mainiacjoe_overflow_alcove_1, minivault_21
D:10:     minmay_the_grid_plus [minmay_the_grid_odd_star, minmay_the_grid_fan,
          minmay_the_grid_slots, minmay_the_grid_box_x,
          minmay_the_grid_prize_four_corners_diamond_a], layout_gridville,
          minmay_ruffians, uniq_amaemon

Skill      XL: |  1  2  3  4  5  6  7  8  9 |
---------------+----------------------------+-----
Axes           | 3 5 6 8 9 11 12 | 12.2
Armour         | 5 |  5.6
Fighting       | 5 |  5.1
Shields        | |  3.6

Action                     |  1- 3 |  4- 6 |  7- 9 || total
---------------------------+-------+-------+-------++-------
  Melee: War axe           |    32 |    38 |   146 ||   216
 Invoke: Berserk           |     1 |       |     6 ||     7
    Use: Scroll            |       |     1 |     4 ||     5
 Armour: Scale mail        |    19 |    15 |    14 ||    48
         Plate armour      |       |       |    95 ||    95
  Dodge: Dodged            |    15 |    16 |    35 ||    66
  Block: Buckler           |     7 |    13 |    35 ||    55

Table legend: (Time is in decaauts)
 A = Elapsed time spent in this place.
 B = Non-inter-level travel time spent in this place.
 C = Inter-level travel time spent in this place.
 D = Time resting spent in this place.
 E = Time spent auto-exploring this place.
 F = Levels seen in this place.
 G = Mean time per level.
                   A        B        C        D        E       F      G
               +--------+--------+--------+--------+--------+-----+--------+
         Total |   1144 |   1144 |      0 |     12 |      0 |  11 |  104.0 |
       Dungeon |   1050 |   1050 |      0 |     12 |      0 |  10 |  105.0 |
         Sewer |     94 |     94 |      0 |      0 |      0 |   1 |   94.0 |
               +--------+--------+--------+--------+--------+-----+--------+

Top non-repeatable levels by time:
     D:9: 240 daAuts
     D:6: 207 daAuts
     D:7: 158 daAuts
     D:8: 135 daAuts
     D:1: 103 daAuts
   Sewer: 94 daAuts
     D:3: 75 daAuts
     D:5: 62 daAuts
     D:2: 52 daAuts
     D:4: 11 daAuts
    D:10: 3 daAuts
